 Dungeon Crawl Stone Soup version 0.25.0-9-g26727b657a (webtiles) character file.

Game seed: 12474743516725213750

658 funkygono the Digger (level 7, -9/37 HPs)
             Began as a Gargoyle Earth Elementalist on June 20, 2020.
             Killed by divine providence
             ... invoked by an orc priest
              (10 damage)
             ... on level 4 of the Dungeon.
             The game lasted 00:09:35 (4256 turns).

funkygono the Digger (Gargoyle Earth Elementalist)  Turns: 4256, Time: 00:09:35

Health: -9/37      AC: 11    Str: 11    XL:     7   Next: 55%
Magic:  5/14       EV: 11    Int: 18    God:
Gold:   193        SH:  0    Dex: 16    Spells: 12/16 levels left

rFire    . . .     SeeInvis .   q - +4 flail (vorpal)
rCold    . . .     Gourm    .   (no shield)
rNeg     + . .     Faith    .   x - +0 ring mail
rPois    ∞         Spirit   .   l - +0 helmet
rElec    +         Reflect  .   r - +0 cloak
rCorr    .         Harm     .   (no gloves)
MR       .....                  (no boots)
Stlth    ++........             (no amulet)
HPRegen  0.12/turn              o - ring of wizardry
MPRegen  0.14/turn              s - +6 ring of dexterity

@: no status effects
A: negative energy resistance 1, electricity resistance, unbreathing,
petrification resistance, rot immunity, AC +4
a: no special abilities


You were on level 4 of the Dungeon.
You were not hungry.

You visited 1 branch of the dungeon, and saw 4 of its levels.

You collected 193 gold pieces.

Inventory:

Hand Weapons
 d - a +2 quarterstaff of chaos
 f - a +2 club
 q - a +4 vorpal flail (weapon)
Missiles
 b - 80 stones (quivered)
Armour
 c - a +0 robe
 l - a +0 helmet (worn)
 r - a +0 cloak (worn)
 u - a +0 chain mail
 x - a +0 ring mail (worn)
 y - a +1 robe of fire resistance
Jewellery
 o - a ring of wizardry (left hand)
 s - a +6 ring of dexterity (right hand)
Scrolls
 i - a scroll of identify
 j - 4 scrolls of magic mapping
 n - a scroll of fog
 t - 2 scrolls of fear
 z - a scroll of amnesia {unknown}
 A - a scroll of blinking {unknown}
Potions
 a - a potion of stabbing
 e - 2 potions of magic
 g - 4 potions of heal wounds
 h - 2 potions of resistance
 k - 2 potions of berserk rage
 p - a potion of brilliance {unknown}
 v - a potion of lignification {unknown}
Comestibles
 m - 4 chunks of flesh
 w - 2 rations


   Skills:
 + Level 0.9 Fighting
 + Level 1.4 Maces & Flails
 + Level 2.2 Dodging
 + Level 2.6 Stealth
 + Level 5.0 Spellcasting
 + Level 2.3 Conjurations
   Level 0.7 Transmutations
 + Level 6.6 Earth Magic


You had 12 spell levels left.
You knew the following spells:

 Your Spells              Type           Power        Failure   Level  Hunger
a - Sandblast             Erth           ####..       1%          1    None
b - Stone Arrow           Conj/Erth      ###...       6%          3    ##.....

Your spell library contained the following spells:

 Spells                   Type           Power        Failure   Level  Hunger
 Passwall                 Tmut/Erth      ###.....     4%          2    #......
 Lee's Rapid Deconstruct  Erth           ####......   24%         5    ######.
 Petrify                  Tmut/Erth      ###.....     26%         4    ####...


Dungeon Overview and Level Annotations

Branches:
Dungeon (4/15)
 Temple: D:4-7

Altars:
Okawaru
Zin


Innate Abilities, Weirdness & Mutations

You are resistant to torment.
Your stone body is resilient. (AC +4)
You are immune to poison.
You resist negative energy. (rN+)
You are resistant to electric shocks. (rElec)
You can survive without breathing.
You are immune to petrification.
You are immune to rotting.


Message History

* * * LOW HITPOINT WARNING * * *
Casting: Sandblast (safe; 1% risk of failure)
Confirm with . or Enter, or press ? or * to list all spells.
Aiming: Sandblast (safe; 1% risk of failure)
Press: ? - help, Shift-Dir - straight line, f/p - orc priest
Aim: an orc priest, wielding a +0 dagger and wearing a +0 scale mail (heavily wounded)
The blast of sand hits the orc priest.
The orc priest is almost dead.
b - 80 stones The orc priest hits you but does no damage.
You closely miss the orc priest.
The orc priest is almost dead.
The orc priest hits you with a +0 dagger.
* * * LOW HITPOINT WARNING * * *
You closely miss the orc priest.
The orc priest is almost dead.
The orc priest hits you but does no damage.
The orc priest calls down the wrath of Beogh upon you.
Beogh smites you!
You die...

......#
#####.⌠...⌠.#.#
......#
..............#
......#
........<......
......#
..o[...$.......
.>....#
o..)⌠...⌠....
......# ..........
......# #..⌠.#
......#########.o.#
......#.......#.@.#
......'.).....#...#
....÷÷#.......#...#
....).#.......'...#
......#.....####+##
......#.....#
......#......#
......#......#
......#......#


You could see an orc priest.

Vanquished Creatures
  Edmund (D:4)
  Duvessa (D:4)
  Dowan (D:4)
  2 orc priests
  Crazy Yiuf (D:2)
  A hound (D:4)
  An orc wizard (D:4)
  A gnoll shaman (D:4)
  Natasha (D:4)
  2 worker ants (D:4)
  3 gnolls (D:4)
  3 adders
  A dart slug (D:1)
  3 leopard geckos
  6 orcs
  4 giant cockroaches
  10 goblins
  4 hobgoblins
  6 jackals
  6 kobolds
  A ball python (D:3)
  8 bats
  5 frilled lizards
  10 rats
82 creatures vanquished.

Notes
Turn   | Place    | Note
-------+----------+-------------------------------------------
     0 | D:1      | funkygono the Gargoyle Earth Elementalist began the quest
                  | for the Orb.
     0 | D:1      | Reached XP level 1. HP: 10/10 MP: 3/3
   184 | D:1      | Reached skill level 4 in Earth Magic
   215 | D:1      | Reached XP level 2. HP: 15/15 MP: 3/5
   636 | D:1      | Reached XP level 3. HP: 19/19 MP: 3/6
  1346 | D:1      | Learned a level 3 spell: Stone Arrow
  1458 | D:2      | Found an iron altar of Okawaru.
  2030 | D:2      | Found a runed translucent door.
  2031 | D:2      | Noticed Crazy Yiuf
  2043 | D:2      | Killed Crazy Yiuf
  2043 | D:2      | Reached skill level 5 in Earth Magic
  2043 | D:2      | Reached XP level 4. HP: 11/24 MP: 2/8
  2616 | D:3      | Reached skill level 1 in Maces & Flails
  2782 | D:3      | Reached XP level 5. HP: 12/28 MP: 7/9
  2795 | D:3      | Reached skill level 1 in Conjurations
  3463 | D:4      | Reached XP level 6. HP: 11/32 MP: 1/11
  3680 | D:4      | Noticed Edmund
  3692 | D:4      | Killed Edmund
  3692 | D:4      | Reached skill level 6 in Earth Magic
  3841 | D:4      | Found a glowing silver altar of Zin.
  3852 | D:4      | Noticed Duvessa
  3853 | D:4      | Noticed Dowan
  3865 | D:4      | Killed Duvessa
  3865 | D:4      | Reached XP level 7. HP: 28/37 MP: 9/13
  3868 | D:4      | Killed Dowan
  4233 | D:4      | Noticed Natasha
  4238 | D:4      | Killed Natasha
  4249 | D:4      | Reached skill level 5 in Spellcasting
  4255 | D:4      | HP: 1/37 [orc priest/+0 dagger (5)]
  4256 | D:4      | Killed from afar by an orc priest

Illustrated notes

Levels and vault maps discovered:
D:1:      tarquinn_simple_flora_water_e, layout_basic
D:2:      layout_rooms, okawaru_ov_weapons_minmay, uniq_crazy_yiuf_cottage
D:3:      layout_rooms, first_ration, corexii_item_surrounded_by_moat
D:4:      layout_gridville, kennysheep_little_box,
          minmay_temple_entry_offerings, grunt_ministairs_2, uniq_edmund,
          uniq_duvessa, uniq_natasha

Skill      XL: |  1  2  3  4  5  6  7 |
---------------+----------------------+-----
Earth Magic    | 4 5 6 |  6.6
Maces & Flails | 1 |  1.4
Spellcasting   | 3 4 5 |  5.0
Conjurations   | 1 2 |  2.3
Dodging        | 2 |  2.2
Fighting       | |  0.9
Stealth        | |  2.6
Transmutations | |  0.7

Action                   |  1- 3 |  4- 6 |  7- 9 || total
-------------------------+-------+-------+-------++-------
Melee: Club              |    48 |    39 |       ||    87
       Flail             |       |     4 |    19 ||    23
 Cast: Sandblast         |    42 |    49 |    13 ||   104
       Stone Arrow       |     4 |     4 |     5 ||    13
  Use: Scroll            |     2 |     9 |       ||    11
       Potion            |       |     1 |       ||     1
  Eat: Chunk             |     3 |     4 |     2 ||     9
       Ration            |     1 |       |       ||     1
Armor: Robe              |    25 |    25 |     2 ||    52
       Ring mail         |       |       |    18 ||    18
Dodge: Dodged            |    51 |    30 |    13 ||    94
